 Dungeon Crawl Stone Soup version 0.22.1-1-ga44c0e56f4 (webtiles) character file.

2565 Ivernyr the Thaumaturge (level 9, 0/68 HPs)
             Began as a Naga Wizard on Oct 21, 2018.
             Was a High Priest of Cheibriados.
             Slain by Joseph
             ... wielding a +4 quarterstaff
              (15 damage)
             ... on level 7 of the Dungeon.
             The game lasted 00:40:45 (7225 turns).

Ivernyr the Thaumaturge (Naga Wizard)               Turns: 7225, Time: 00:40:46

Health: 0/68       AC: 10    Str: 22    XL:     9   Next: 57%
Magic:  14/21      EV: 10    Int: 34    God:    Cheibriados [*****.]
Gold:   264        SH:  0    Dex: 21    Spells: 12/25 levels left

rFire    . . .     SeeInvis +   b - +0 dagger (elec)
rCold    . . .     Gourm    .   (no shield)
rNeg     + . .     Faith    .   a - +2 robe {MR+}
rPois    +         Spirit   .   p - +2 helmet
rElec    .         Reflect  .   (no cloak)
rCorr    .         Harm     .   q - +0 pair of gloves
MR       ++...                  (no barding)
Stlth    ++........             (no amulet)
HPRegen  0.21/turn              v - ring of positive energy
MPRegen  0.17/turn              x - ring of attention (curse)

@: very slightly contaminated, very slow
A: large, see invisible, deformed body, poison resistance, slowness 2, slow
metabolism 1, spit poison 1, AC +3
a: Spit Poison, Bend Time, Temporal Distortion, Slouch, Step From Time, Renounce
Religion


You were on level 7 of the Dungeon.
You worshipped Cheibriados.
Cheibriados was extremely pleased with you.
You were not hungry.

You visited 1 branch of the dungeon, and saw 7 of its levels.

You collected 334 gold pieces.
You spent 70 gold pieces at shops.

Inventory:

Hand Weapons
 b - a +0 dagger of electrocution (weapon)
Armour
 a - a +2 robe of magic resistance (worn)
 p - a +2 helmet (worn)
 q - a +0 pair of gloves (worn)
Jewellery
 v - a ring of positive energy (left hand)
 x - a cursed ring of attention (right hand)
 D - an uncursed amulet of guardian spirit {unknown}
Wands
 m - a wand of flame (56)
 o - a wand of clouds (2)
 t - a wand of paralysis (8)
 z - a wand of digging (16)
Scrolls
 e - 2 scrolls of amnesia
 f - 3 scrolls of identify
 h - 4 scrolls of remove curse
 j - 3 scrolls of enchant armour
 l - 4 scrolls of immolation
 r - a scroll of fear
 u - 3 scrolls of teleportation
 w - a scroll of fog {unknown}
 y - a scroll of random uselessness {unknown}
 A - 2 scrolls of blinking {unknown}
 E - a scroll of noise {unknown}
Potions
 c - 2 potions of agility {unknown}
 g - 4 potions of curing {unknown}
 i - 2 potions of haste {unknown}
 k - a potion of flight {unknown}
 n - 2 potions of lignification {unknown}
 s - 3 potions of brilliance {unknown}
 B - a potion of invisibility {unknown}
 C - a potion of magic {unknown}
Comestibles
 d - 8 rations


   Skills:
 - Level 1.5 Dodging
 - Level 3.0 Stealth
 * Level 8.8 Spellcasting
 + Level 6.8 Conjurations
   Level 1.0 Summonings
 - Level 1.0 Translocations
 + Level 6.2 Invocations


You had 12 spell levels left.
You knew the following spells:

 Your Spells              Type           Power        Failure   Level  Hunger
a - Magic Dart            Conj           ####         1%          1    None
b - Blink                 Tloc           N/A          3%          2    None
c - Conjure Flame         Conj/Fire      #####...     2%          3    None
d - Mephitic Cloud        Conj/Pois/Air  ####....     3%          3    None
e - Force Lance           Conj/Tloc      #####...     6%          4    None

Your spell library contained the following spells:

 Spells                   Type           Power        Failure   Level  Hunger
 Searing Ray              Conj           ######       1%          2    None
 Iskenderun's Mystic Bla  Conj           ######..     1%          4    None
 Dazzling Spray           Conj/Hex       #####.       2%          3    None
 Call Imp                 Summ           ###.....     3%          2    None
 Slow                     Hex            ###.....     4%          2    None
 Fulminant Prism          Conj/Hex       #####.....   8%          4    None


Dungeon Overview and Level Annotations

Branches:
Dungeon (7/15)             Temple (0/1) D:5

Altars:
Ashenzari
Cheibriados
Dithmenos
Fedhas
Sif Muna
Vehumet
Wu Jian
Xom
Zin
The Shining One

Shops:
D:2 *   D:4 ?([   D:6 (*

Annotations:
D:7 Joseph


Innate Abilities, Weirdness & Mutations

You cannot wear boots.
Your serpentine skin is tough. (AC +3)
You have supernaturally acute eyesight. (SInv)
Armour fits poorly on your strangely shaped body.
Your system is resistant to poisons. (rPois)
You cover ground very slowly.
You have a slow metabolism.
You can spit poison.


Message History

You hit Joseph. Lightning courses through Joseph!
Joseph is heavily wounded.
Joseph is engulfed in noxious fumes.
Joseph unwields an uncursed hunting sling.
Joseph wields an uncursed enchanted quarterstaff.
Joseph hits you with an uncursed enchanted quarterstaff!
* * * LOW HITPOINT WARNING * * *
You hit Joseph.
Joseph is heavily wounded.
Joseph is engulfed in noxious fumes.
Joseph appears confused.
You strike the helpless Joseph from behind!
You puncture Joseph!
Joseph is heavily wounded.
You hit Joseph but do no damage. Lightning courses through Joseph!
Joseph is severely wounded.
Joseph is engulfed in noxious fumes.
Joseph appears confused.
You hit Joseph but do no damage.
Joseph is almost dead.
Joseph hits you with an uncursed enchanted quarterstaff!
You die...

#........).......#.#
##############...#.#
####### #...#.#
....... #...#.#
....... #...#.#
.......## #...#.#
.......(#######.#
........(.[(....#
.......@#########
......@§# .......§#
......§§# ......=.#
........# .?......#
..?.....#


You could see Joseph (confused).

Vanquished Creatures
  Sigmund (D:6)
  Duvessa (D:6)
  A black bear (D:6)
  5 orc warriors
  An ogre (D:4)
  3 phantoms
  4 bullfrogs
  A water moccasin skeleton (D:5)
  Dowan (D:6)
  A crimson imp (D:5)
  2 bullfrog zombies (D:5)
  7 hounds
  4 orc priests
  A jelly (D:6)
  6 orc wizards
  Jessica (D:2)
  A centaur skeleton (D:6)
  Ijyb (D:4)
  2 iguanas
  2 worker ants
  Robin (D:3)
  A worker ant zombie (D:5)
  A howler monkey skeleton (D:5)
  12 adders
  3 shadow imps
  An ooze (D:2)
  2 worms
  3 dart slugs
  4 leopard geckos
  25 orcs
  4 giant cockroaches
  25 goblins
  8 hobgoblins
  6 jackals
  13 kobolds
  6 quokkas
  A ball python (D:5)
  6 bats
  2 frilled lizards
  4 rats (D:1)
174 creatures vanquished.

Notes
Turn   | Place    | Note
-------+----------+-------------------------------------------
     0 | D:1      | Ivernyr the Naga Wizard began the quest for the Orb.
     0 | D:1      | Reached XP level 1. HP: 15/15 MP: 4/4
    36 | D:1      | Reached XP level 2. HP: 4/22 MP: 0/6
   327 | D:1      | Learned a level 2 spell: Blink
   832 | D:1      | Reached XP level 3. HP: 28/28 MP: 3/7
   976 | D:1      | Learned a level 3 spell: Conjure Flame
   980 | D:1      | Learned a level 3 spell: Mephitic Cloud
  1601 | D:2      | Found a snail-covered altar of Cheibriados.
  1608 | D:2      | Reached XP level 4. HP: 36/36 MP: 6/9
  1641 | D:2      | Became a worshipper of Cheibriados the Contemplative
  1772 | D:2      | Noticed Jessica
  1778 | D:2      | Killed Jessica
  1778 | D:2      | Reached skill level 4 in Spellcasting
  1933 | D:2      | Found a shimmering altar of Xom.
  2040 | D:2      | Found Zin's Purification Station.
  2042 | D:2      | Found a glowing silver altar of Zin.
  2156 | D:2      | Reached XP level 5. HP: 42/42 MP: 7/11
  2360 | D:3      | Reached * piety under Cheibriados
  2513 | D:3      | Noticed Robin
  2525 | D:3      | Killed Robin
  2608 | D:3      | Reached skill level 1 in Invocations
  2711 | D:3      | Found a faded altar of an unknown god.
  2866 | D:3      | Reached ** piety under Cheibriados
  3099 | D:3      | Reached XP level 6. HP: 44/49 MP: 11/13
  3231 | D:3      | Found a shadowy altar of Dithmenos.
  3419 | D:4      | Found Tiaruaso's Armour Shop.
  3419 | D:4      | Found Citeikh's Weapon Shop.
  3448 | D:4      | Found a blossoming altar of Fedhas.
  3488 | D:4      | Reached skill level 5 in Spellcasting
  3519 | D:4      | Noticed Ijyb
  3521 | D:4      | Reached *** piety under Cheibriados
  3521 | D:4      | Paralysed by Ijyb for 7 turns
  3535 | D:4      | Killed Ijyb
  3678 | D:4      | Reached XP level 7. HP: 49/55 MP: 13/15
  3726 | D:4      | Found Xoaveym's Magic Scroll Shop.
  3734 | D:4      | Bought a scroll of identify for 28 gold pieces
  3734 | D:4      | Bought a scroll of teleportation for 42 gold pieces
  3911 | D:4      | Found Fimolu's Antique Armour Emporium.
  3946 | D:4      | Found a deep blue altar of Sif Muna.
  4175 | D:5      | Entered Level 5 of the Dungeon
  4175 | D:5      | Found a staircase to the Ecumenical Temple.
  4519 | D:5      | Found an ornate altar of the Wu Jian Council.
  4527 | D:5      | Reached skill level 6 in Spellcasting
  4972 | D:5      | Reached **** piety under Cheibriados
  4972 | D:5      | Reached skill level 5 in Conjurations
  4972 | D:5      | Reached XP level 8. HP: 51/62 MP: 5/17
  5404 | D:6      | Noticed Dowan
  5411 | D:6      | Noticed Duvessa
  5425 | D:6      | Killed Dowan
  5425 | D:6      | Reached skill level 7 in Spellcasting
  5436 | D:6      | Killed Duvessa
  5525 | D:6      | Found a glowing golden altar of the Shining One.
  5667 | D:6      | Reached skill level 5 in Invocations
  5736 | D:6      | Found a radiant altar of Vehumet.
  5774 | D:6      | Found a shattered altar of Ashenzari.
  5837 | D:6      | Found Igin's Assorted Antiques.
  5895 | D:6      | Noticed Sigmund
  5901 | D:6      | Killed Sigmund
  5901 | D:6      | Reached XP level 9. HP: 68/68 MP: 12/20
  5917 | D:6      | Reached ***** piety under Cheibriados
  5939 | D:6      | Reached skill level 8 in Spellcasting
  6451 | D:6      | Found Paguceusai's Weapon Shoppe.
  6807 | D:7      | Learned a level 4 spell: Force Lance
  7197 | D:7      | Noticed Joseph
  7225 | D:7      | Slain by Joseph

Skill      XL: |  1  2  3  4  5  6  7  8  9 |
---------------+----------------------------+-----
Conjurations   | 2 3 4 5 6 |  6.8
Spellcasting   | 4 5 6 7 8 |  8.8
Invocations    | 1 2 3 5 6 |  6.2
Dodging        | |  1.5
Stealth        | |  3.0
Summonings     | |  1.0
Translocations | |  1.0

Action                   |  1- 3 |  4- 6 |  7- 9 || total
-------------------------+-------+-------+-------++-------
Melee: Unarmed           |     5 |       |       ||     5
       Spear             |       |    25 |       ||    25
       Dagger            |       |    76 |   140 ||   216
 Cast: Magic Dart        |    68 |   107 |   176 ||   351
       Mephitic Cloud    |       |     7 |    26 ||    33
       Conjure Flame     |       |       |     2 ||     2
 Abil: Spit Poison       |     7 |     7 |     9 ||    23
  Use: Scroll            |       |       |     6 ||     6
 Stab: Confused          |       |     4 |     9 ||    13
       Sleeping          |       |     1 |       ||     1
  Eat: Chunk             |     1 |     5 |     7 ||    13
Armor: Robe              |     1 |    42 |    54 ||    97
Dodge: Dodged            |    11 |    69 |    76 ||   156
